 Dungeon Crawl Stone Soup version 0.27-a0-323-gbd089401bb (webtiles) character file.

Game seed: 17353251830295726122

1 tabyourdongers the Sneak (level 1, -2/22 HPs)
             Began as a Troll Delver on Feb 10, 2021.
             Slain by Maggie
             ... wielding a +1 morningstar of flaming
              (9 damage)
             ... on level 7 of the Dungeon.
             The game lasted 00:00:16 (62 turns).

tabyourdongers the Sneak (Troll Delver)               Turns: 62, Time: 00:00:17

Health: -2/22      AC:  6    Str: 15    XL:     1   Next: 16%
Magic:  0/0        EV: 10    Int:  6    God:
Gold:   0          SH:  0    Dex: 11    Spells: 0/0 levels left

rFire    . . .     SeeInvis .   g - +5 dagger of Puickah {pain, rC++ Str-4}
rCold    + + .     Faith    .   (no shield)
rNeg     . . .     Spirit   .   a - +0 robe
rPois    .         Reflect  .   (helmet restricted)
rElec    .         Harm     .   (no cloak)
rCorr    .         Rampage  .   (gloves unavailable)
Will     .....                  (boots unavailable)
Stlth    ++........             (no amulet)
HPRegen  0.47/turn              (no ring)
MPRegen  0.07/turn              (no ring)

@: no status effects
A: large, unfitting armour, claws 3, regeneration 1, shaggy fur 1, tough skin 3
a: no special abilities


You were on level 7 of the Dungeon.
You visited 1 branch of the dungeon, and saw 3 of its levels.

Inventory:

Hand Weapons
 g - the +5 dagger of Puickah (weapon) {pain, rC++ Str-4}
   (You found it on level 6 of the Dungeon)

   In the hands of one skilled in necromantic magic, it inflicts extra damage on
   living creatures.
   It affects your strength (-4).
   It greatly protects you from cold.
Armour
 a - a +0 robe (worn)
Wands
 f - a wand of digging (3)
Scrolls
 b - a scroll of fog
 c - a scroll of magic mapping
 d - a scroll of fear
Potions
 e - a potion of haste


   Skills:
 + Level 2.4 Fighting
 + Level 1.5 Dodging
 + Level 2.8 Stealth
 + Level 2.0 Unarmed Combat


You couldn't memorise any spells.
You didn't know any spells.
Your spell library was empty.

Dungeon Overview and Level Annotations

Branches:
Dungeon (7/15)
 Temple: D:4-7

Altars:

Annotations:
D:7 Maggie


Innate Abilities, Weirdness & Mutations

You are too large for most types of armour.
You have claws for hands.
Your natural rate of healing is unusually fast.
You are covered in fur. (AC +1)
You have extremely tough skin. (AC +3)


Message History

You scratch the quokka.
You kill the quokka!
No target in view!
No target in view!
No target in view!
No target in view!
No target in view!
No target in view!
You see here a bloodstained dagger.
g - a bloodstained dagger You feel weaker.
You have a feeling of ineptitude.
g - the +5 dagger of Puickah (weapon)
{pain, rC++ Str-4}
Found a stone staircase leading up.
There is a stone staircase leading down here.
You climb downwards.
There is a stone staircase leading up here.
Maggie the Vainglorious comes into view.
She is wielding a +1 morningstar of flaming.
Maggie shouts!
Maggie points at you and mumbles some strange words.
The bolt of fire hits you. Maggie closely misses you.
You barely miss Maggie. You hit Maggie.
Maggie is lightly wounded.
Maggie hits you with a +1 morningstar of flaming!
Ouch! That really hurt!
Maggie burns you.
* * * LOW HITPOINT WARNING * * *
You are too injured to fight recklessly!
You are too injured to fight recklessly!
You are too injured to fight recklessly!
You are too injured to fight recklessly!
You are too injured to fight recklessly!
You are too injured to fight recklessly!
You are too injured to fight recklessly!
You puncture Maggie!
Maggie is lightly wounded.
Maggie hits you with a +1 morningstar of flaming!
You die...

# #. #.. # ##
#..###### #. .
#.......####. .#
#...........####.###.
#####.#.#.##..........
#.......#.##..@...##
#.###.##...###@....#
#.# ##......##.###.#
#.# #.........# #.#
##.....##.# #.#
##...###..# #.# ##.##
#### #.# #.#
#.#######.#
###.........#


You could see Maggie.

Vanquished Creatures
  A quokka (D:6)
1 creature vanquished.

Notes
Turn   | Place    | Note
-------+----------+-------------------------------------------
     0 | D:5      | tabyourdongers the Troll Delver began the quest for the
                  | Orb.
     0 | D:5      | Reached XP level 1. HP: 22/22 MP: 0/0
    19 | D:6      | Got a bloodstained dagger
    20 | D:6      | Identified the +5 dagger of Puickah {pain, rC++ Str-4} (You
                  | found it on level 6 of the Dungeon)
    57 | D:7      | Noticed Maggie
    62 | D:7      | Slain by Maggie

Illustrated notes

Levels and vault maps discovered:
D:5:      lemuel_ice_spiral_2, layout_basic, makhleb_heckhound_becter,
          gammafunk_ghost_hive, wad_floor_pattern_1
D:6:      wander_guarded_unrand_ratskin, layout_rooms, uniq_crazy_yiuf_cottage,
          uniq_edmund, uniq_sigmund
D:7:      layout_loops_ring, temple_doors_cd, gammafunk_ghost_nasty_kobolds,
          serial_shops, shop, minmay_misc_feat_nine_boxes,
          kennysheep_opposing_triangles, uniq_maggie, uniq_joseph

Action                   || total
-------------------------++-------
Melee: Dagger            ||     3
       Unarmed           ||     1
 Stab: Sleeping          ||     1
Dodge: Dodged            ||     1

Table legend: (Time is in decaauts)
 A = Elapsed time spent in this place.
 B = Non-inter-level travel time spent in this place.
 C = Inter-level travel time spent in this place.
 D = Time resting spent in this place.
 E = Time spent auto-exploring this place.
 F = Levels seen in this place.
 G = Mean time per level.
                   A        B        C        D        E       F      G
               +--------+--------+--------+--------+--------+-----+--------+
         Total |     60 |     60 |      0 |      0 |     33 |   3 |   20.0 |
       Dungeon |     60 |     60 |      0 |      0 |     33 |   3 |   20.0 |
               +--------+--------+--------+--------+--------+-----+--------+

Top non-repeatable levels by time:
     D:7: 34 daAuts
     D:6: 18 daAuts
     D:5: 8 daAuts
